 Dungeon Crawl Stone Soup version 0.20-a0-909-g1a4ba80 (webtiles) character file.

5413 Hazael the Arsonist (level 10, -4/83 HPs)
             Began as a Black Draconian Fire Elementalist on Mar 22, 2017.
             Was a Believer of Vehumet.
             Slain by a spiny frog (6 damage)
             ... on level 9 of the Dungeon.
             The game lasted 01:03:50 (12954 turns).

Hazael the Arsonist (DrFE)                         Turns: 12954, Time: 01:03:50

Health: -4/83      AC:  7    Str: 10    XL:     10   Next: 40%
Magic:  27/27      EV:  2    Int: 19    God:    Vehumet [**....]
Gold:   333        SH:  0    Dex: 12    Spells: 3/19 levels left

rFire    + . .     SeeInvis .   a - +2 spear (venom)
rCold    x . .     Gourm    .   (armour unavailable)
rNeg     + + +     Faith    .   h - +1 buckler
rPois    ∞         Spirit   .   (helmet restricted)
rElec    +         Reflect  .   (no cloak)
rCorr    .         Harm     .   (no gloves)
MR       .....     Clarity  +   (no boots)
Stlth    ++........             (no amulet)
Regen    0.3/turn               x - ring of fire
MPRegen  0.2/turn               r - ring of magical power

@: lethally poisoned (-4 -> -4), petrified
A: breathe lightning, unfitting armour, hooves 1, clarity, electricity
resistance, cold-blooded, subdued magic 1, AC +7
a: Breathe Lightning, Renounce Religion


You were on level 9 of the Dungeon.
You worshipped Vehumet.
Vehumet was pleased with you.
You were not hungry.

You visited 3 branches of the dungeon, and saw 12 of its levels.

You collected 333 gold pieces.

Inventory:

Hand Weapons
 a - a +2 spear of venom (weapon)
 v - a +3 dire flail of venom
Missiles
 c - 88 sling bullets
 d - 176 stones (quivered)
Armour
 h - a +1 buckler (worn)
Magical Staves
 b - an uncursed staff of wizardry
 n - an uncursed staff of energy
Jewellery
 r - a ring of magical power (left hand)
 x - a ring of fire (right hand)
Wands
 i - a wand of digging (13/24)
 s - a wand of flame (14/48)
 y - a wand of confusion (35/48)
 C - a wand of random effects (7/48)
Scrolls
 e - 3 scrolls of remove curse
 B - a scroll of amnesia
 D - a scroll of identify
 F - a scroll of teleportation {unknown}
Potions
 j - a potion of cancellation
 k - a potion of agility {unknown}
 l - a potion of resistance {unknown}
 m - a potion of brilliance {unknown}
 o - 3 potions of curing
 p - a potion of degeneration {unknown}
 q - 2 potions of might {unknown}
 u - 2 potions of haste
Books
 t - a book of Conjurations

   Spells                             Type                      Level
   a - Magic Dart                     Conjuration                  1
   b - Searing Ray                    Conjuration                  2
   c - Dazzling Spray                 Conjuration/Hexes            3
   d - Fulminant Prism                Conjuration/Hexes            4
   e - Force Lance                    Conjuration/Translocation    4
   f - Iskenderun's Mystic Blast      Conjuration                  4
 z - a book of Flames

   Spells                             Type                      Level
   a - Flame Tongue                   Conjuration/Fire             1
   b - Throw Flame                    Conjuration/Fire             2
   c - Conjure Flame                  Conjuration/Fire             3
   d - Inner Flame                    Hexes/Fire                   3
   e - Sticky Flame                   Conjuration/Fire             4
   f - Fireball                       Conjuration/Fire             5
Comestibles
 f - a fruit
 g - 2 meat rations
 w - 8 bread rations
 A - a royal jelly
 E - a chunk of flesh


   Skills:
 - Level 5.7 Fighting
 - Level 1.7 Dodging
 - Level 1.7 Stealth
 - Level 4.8 Shields
 - Level 5.4 Spellcasting
 + Level 8.0 Conjurations
 + Level 8.7 Fire Magic
 - Level 2.4 Air Magic
 - Level 4.4 Evocations


You had 3 spell levels left.
You knew the following spells:

 Your Spells              Type           Power        Failure   Level  Hunger
a - Shock                 Conj/Air       ###.         1%          1    None
b - Throw Flame           Conj/Fire      #####.       1%          2    None
c - Sticky Flame          Conj/Fire      #####...     3%          4    ####...
d - Fireball              Conj/Fire      #####.....   10%         5    #####..
e - Flame Tongue          Conj/Fire      #####        1%          1    None
x - Conjure Flame         Conj/Fire      #####...     1%          3    ##.....


Dungeon Overview and Level Annotations

Branches:
Dungeon (10/15)            Temple (1/1) D:6            Lair (1/6) D:9
    Orc: D:9-12

Altars:
Ashenzari
Cheibriados
Dithmenos
Elyvilon
Fedhas
Gozag
Hepliaklqana
Kikubaaqudgha
Makhleb
Nemelex Xobeh
Okawaru
Qazlal
Ru
Sif Muna
Trog
Uskayaw
Vehumet
Wu Jian
Xom
Yredelemnul
Zin
The Shining One

Annotations:
D:3 1 exclusion, nebgrebaes's ghost, amateur FoEn
D:7 1 exclusion


Innate Abilities, Weirdness & Mutations

You can breathe wild blasts of lightning.
Your glossy black scales are hard. (AC +7)
You cannot fit into any form of body armour.
You are resistant to electric shocks. (rElec)
You are cold-blooded and may be slowed by cold attacks.
You have large cloven feet.
You possess an exceptional clarity of mind.
Your spells are a little easier to cast, but a little less powerful.


Message History

The spiny frog stings you!!
The water moccasin bites you but does no damage.
The bullfrog hits you but does no damage.
The basilisk bites you.
* * * LOW HITPOINT WARNING * * *
The spiny frog stings you!!
* * * LOW HITPOINT WARNING * * *
The water moccasin bites you but does no damage.
The bullfrog hits you.
The water moccasin bites you but does no damage.
The spiny frog stings you!!
* * * LOW HITPOINT WARNING * * *
The bullfrog hits you.
* * * LOW HITPOINT WARNING * * *
The basilisk gazes at you. You resist with some effort.
The water moccasin bites you but does no damage.
The bullfrog hits you but does no damage.
The spiny frog stings you!
You die...

..###............#####)..........
...............#....##.#####.....
.####.##.####.#####.##.# #.<...
## #.........##....##.# #.....
####..####.....#########.....
##..###.........##....#.....
####....#..P........#....######
###.............l..PP......# ##..
......###.......@S.........###..#
......# ##...P.F.F...........#.##
......# ##........P..#)###..#.#
.....#######.........##..#...#.#
..........####.....#####...#...#
.....######.####.### #....###..#
.............# #.# ###........#
.....######..# #[####...###....##
.....# #..###.)....### ##.....


You could see a spiny frog, a basilisk, a water moccasin and a bullfrog.

Vanquished Creatures
  An elephant (D:9)
  2 trolls (D:9)
  A hippogriff (D:8)
  A spriggan (D:7)
  A yak (D:9)
  Edmund (D:5)
  Duvessa (D:6)
  3 orc warriors
  3 ice beasts
  2 sky beasts
  A black bear (D:6)
  A phantom (D:7)
  3 ogres
  A centaur (D:5)
  2 crocodiles (D:9)
  5 bullfrogs
  A gnoll sergeant (D:7)
  2 wyvern skeletons
  3 scorpions
  Dowan (D:6)
  8 killer bees
  4 wights (D:6)
  A vampire bat (D:6)
  A bullfrog zombie (D:7)
  2 jellies (D:9)
  4 hounds
  A bullfrog skeleton (D:8)
  4 orc priests
  10 orc wizards
  A centaur skeleton (D:9)
  Terence (D:3)
  3 iguanas
  6 worker ants
  2 hound zombies (D:5)
  A hound skeleton (D:4)
  2 worker ant zombies (D:9)
  7 gnolls
  A howler monkey zombie (D:7)
  7 adders
  3 shadow imps
  3 oozes
  An adder skeleton (D:9)
  3 worms
  9 leopard geckos
  29 orcs
  5 giant cockroaches
  10 goblins
  5 hobgoblins
  17 jackals
  4 quokkas
  5 ball pythons
  A ball python zombie (D:5)
  12 bats
  5 frilled lizards
  A jackal skeleton (D:8)
  4 kobolds
  A leopard gecko skeleton (D:7)
  6 rats
226 creatures vanquished.

Vanquished Creatures (others)
  A wizard (D:4)
1 creature vanquished.

Grand Total: 227 creatures vanquished

Notes
Turn   | Place    | Note
-------+----------+-------------------------------------------
     0 | D:1      | Hazael the Draconian Fire Elementalist began the quest for the Orb.
     0 | D:1      | Reached XP level 1. HP: 14/14 MP: 3/3
   241 | D:1      | Gained mutation: You tend to lose your temper in combat. [potion of mutation]
   241 | D:1      | Lost mutation: You tend to lose your temper in combat. [potion of mutation]
   243 | D:1      | Gained mutation: You possess an exceptional clarity of mind. [potion of mutation]
   243 | D:1      | Gained mutation: Your spells are a little easier to cast, but a little less powerful. [potion of mutation]
   243 | D:1      | Gained mutation: You have large cloven feet. [potion of mutation]
   259 | D:1      | Reached XP level 2. HP: 17/20 MP: 5/5
   268 | D:1      | Learned a level 2 spell: Throw Flame
   971 | D:2      | Reached XP level 3. HP: 27/27 MP: 0/6
   976 | D:2      | Learned a level 3 spell: Conjure Flame
  1286 | D:2      | Found a bloodstained altar of Trog.
  2187 | D:3      | Found a stormy altar of Qazlal.
  2198 | D:3      | Reached skill level 1 in Shields
  2424 | D:3      | Reached XP level 4. HP: 34/34 MP: 5/7
  2575 | D:3      | Noticed nebgrebaes's ghost (amateur FoEn)
  2832 | D:3      | Reached skill level 1 in Fighting
  2852 | D:3      | Noticed Terence
  2973 | D:3      | Killed Terence
  3157 | D:3      | Reached XP level 5. HP: 40/40 MP: 2/9
  3637 | D:4      | Found a white marble altar of Elyvilon.
  3672 | D:4      | Found an ornate altar of the Wu Jian Council.
  3719 | D:4      | Noticed an ogre
  3771 | D:4      | Killed an ogre
  3999 | D:4      | You fall through a shaft for 2 floors!
  4036 | D:6      | Reached XP level 6. HP: 41/48 MP: 5/10
  4120 | D:5      | Entered Level 5 of the Dungeon
  4351 | D:4      | Found a bloodstained altar of Trog.
  4352 | D:4      | Noticed a wizard
  4357 | D:4      | Killed a wizard
  4962 | D:5      | Reached skill level 5 in Fire Magic
  5047 | D:5      | Learned a level 4 spell: Sticky Flame
  5159 | D:5      | Your scales start taking on a glossy black colour.
  5159 | D:5      | Reached XP level 7. HP: 39/56 MP: 5/11
  5159 | D:5      | Gained mutation: You are resistant to electric shocks. (rElec) [Black Draconian growth]
  5270 | D:5      | Noticed Edmund
  5284 | D:5      | Killed Edmund
  7009 | D:6      | Reached XP level 8. HP: 58/63 MP: 4/13
  7463 | D:6      | Reached skill level 5 in Conjurations
  7592 | D:6      | Reached skill level 1 in Evocations
  7673 | D:6      | Noticed Dowan
  7680 | D:6      | Noticed Duvessa
  7891 | D:6      | Killed Dowan
  7923 | D:6      | Killed Duvessa
  8273 | D:6      | Found a staircase to the Ecumenical Temple.
  8285 | Temple   | Entered the Ecumenical Temple
  8807 | D:7      | Learned a level 5 spell: Fireball
  9026 | D:7      | Reached XP level 9. HP: 64/71 MP: 10/15
  9183 | D:7      | Found a radiant altar of Vehumet.
  9188 | D:7      | Became a worshipper of Vehumet
  9510 | D:7      | Found a sparkling altar of Nemelex Xobeh.
  9768 | D:7      | Reached skill level 5 in Fighting
 10400 | D:8      | Reached skill level 5 in Spellcasting
 10542 | D:8      | Reached * piety under Vehumet
 10542 | D:8      | Offered knowledge of Shock by Vehumet.
 10552 | D:8      | Learned a level 1 spell: Shock
 10870 | D:8      | Reached skill level 1 in Air Magic
 11102 | D:8      | Found a hazy altar of Hepliaklqana.
 11823 | D:9      | Reached XP level 10. HP: 81/81 MP: 17/17
 11904 | D:9      | Found a staircase to the Lair.
 12509 | D:9      | Noticed an elephant
 12521 | D:9      | Killed an elephant
 12754 | D:9      | Reached ** piety under Vehumet
 12754 | D:9      | Offered knowledge of Sandblast by Vehumet.
 12928 | D:10     | Entered Level 10 of the Dungeon
 12946 | Lair:1   | Entered Level 1 of the Lair of Beasts
 12946 | Lair:1   | Noticed a seven-headed hydra
 12946 | Lair:1   | Noticed a spiny frog
 12946 | Lair:1   | Noticed a black mamba
 12953 | D:9      | HP: 3/83 [spiny frog (11)]
 12954 | D:9      | Slain by a spiny frog

Vault maps used:
D:1:      dpeg_arrival_fog, serial_park_tiny_pond
D:2:      lightli_temple_of_fire
D:3:      nicolae_overflow_crystal_walls, uniq_terence
D:4:      elyvilon_altar_4, old_standard_altar, serial_glass, glass_columns_a,
          glass_columns_a, trog_wizard
D:5:      first_bread, uniq_edmund
D:6:      minmay_temple_entry_butterflies, roderic_batcave, uniq_duvessa
D:7:      kennysheep_little_box, old_standard_altar, the_bakery, centaur_isle
D:8:      lemuel_doored_altar, serial_glass, glass_columns_b, glass_columns_a
D:9:      david_lair_generic, minmay_misc_feat_nine_boxes, nrook_mini_backslash
D:10:     minmay_the_grid_2x2
Temple:   regret_index_temple_waves
Lair:1:   cheibrodos_lair_reptile_den, uniq_gastronok

Skill      XL: |  1  2  3  4  5  6  7  8  9 10 |
---------------+-------------------------------+-----
Conjurations   | 2 3 4 5 7 8 |  8.0
Shields        | 1 2 4 |  4.8
Fighting       | 1 2 3 4 5 |  5.7
Fire Magic     | 4 5 6 8 |  8.7
Spellcasting   | 3 4 5 |  5.4
Evocations     | 2 4 |  4.4
Air Magic      | 1 2 |  2.4
Dodging        | |  1.7
Stealth        | |  1.7

Action                   |  1- 3 |  4- 6 |  7- 9 | 10-12 || total
-------------------------+-------+-------+-------+-------++-------
Melee: Unarmed           |     2 |       |       |       ||     2
       Dagger            |    85 |    23 |       |       ||   108
       Kick              |    12 |     3 |     4 |     3 ||    22
       Tailslap          |     8 |     1 |     2 |     7 ||    18
       Dire flail        |       |       |    19 |       ||    19
       Spear             |       |       |    13 |    24 ||    37
Throw: Stone             |       |    12 |       |       ||    12
 Cast: Flame Tongue      |    55 |    87 |   127 |       ||   269
       Throw Flame       |     7 |    13 |   140 |    32 ||   192
       Conjure Flame     |     2 |     2 |    13 |     1 ||    18
       Sticky Flame      |       |     2 |    39 |     4 ||    45
       Fireball          |       |       |    15 |     6 ||    21
       Shock             |       |       |     4 |       ||     4
 Abil: Breathe Lightning |       |       |     5 |     1 ||     6
  Use: Potion            |     5 |       |       |       ||     5
       Scroll            |     5 |     4 |     5 |       ||    14
 Stab: Sleeping          |     1 |     1 |       |       ||     2
  Eat: Chunk             |     6 |     5 |    32 |     7 ||    50
       Meat ration       |       |     1 |       |       ||     1
       Fruit             |       |       |     7 |       ||     7
Armor: Skin              |    29 |    17 |    27 |    16 ||    89
Dodge: Dodged            |    70 |    42 |    74 |    19 ||   205
Block: Buckler           |       |       |    23 |     4 ||    27
